 Dungeon Crawl Stone Soup version 0.31-a0-321-g19405a7a6a (webtiles) character file.

Game seed: 18237966213849645825

47 LeprechaunX the Changeling (level 3, 0/25 HPs)
             Began as an Octopode Shapeshifter on July 17, 2023.
             Slain by an orc priest
             ... wielding a +0 short sword
              (5 damage)
             ... on level 3 of the Dungeon.
             The game lasted 00:01:38 (1238 turns).

LeprechaunX the Changeling (Octopode Shapeshifter)  Turns: 1238, Time: 00:01:39

Health: 0/25       AC:  1    Str: 16    XL:     3   Next: 70%
Magic:  3/3        EV: 13    Int: 10    God:
Gold:   115        SH:  0    Dex: 12    Spells: 2/2 levels left

rFire   . . .        d - +0 short sword (speed)
rCold   + . .        (no shield)
rNeg    . . .        (helmet currently unavailable)
rPois   .            (no amulet)
rElec   .            h - ring of protection from cold
rCorr   .            (no ring)
SInv    .            (no ring)
Will    .....        (no ring)
Stlth   ++           (no ring)
HPRegen 0.24/turn    (no ring)
MPRegen 0.08/turn    (no ring)
                     (no ring)

%: no passive effects
@: beast-form
A: beast (slay +2), almost no armour, amphibious, 8 rings, camouflage 1,
gelatinous body 1, (nimble swimmer 1), tentacles
a: Begin Untransformation


You were on level 3 of the Dungeon.
You were a hulking beast.
You visited 1 branch of the dungeon, and saw 3 of its levels.

You collected 115 gold pieces.

Inventory:

Hand Weapons
 d - a +0 short sword of speed (weapon)
Jewellery
 h - a ring of protection from cold (left tentacle)
Talismans
 b - a beast talisman
Scrolls
 c - a scroll of butterflies {unknown}
 e - a scroll of teleportation {unknown}
 g - a scroll of amnesia {unknown}
 i - a scroll of enchant armour {unknown}
Potions
 a - a potion of lignification
 f - a potion of ambrosia {unknown}


   Skills:
 + Level 2.3 Fighting
 + Level 0.8 Short Blades
 + Level 2.4 Dodging
 + Level 2.4 Unarmed Combat
 * Level 3.4 Shapeshifting


You had 2 spell levels left.
You didn't know any spells.
Your spell library was empty.

Dungeon Overview and Level Annotations

Branches:
Dungeon (3/15)

Altars:
Kikubaaqudgha
Okawaru
Sif Muna
Trog
Xom

Shops:
D:1 :   D:2 *


Innate Abilities, Weirdness & Mutations

You are a hulking beast.
Your limbs bulge with bestial killing power. (Slay +2)
You cannot wear most types of armour.
You are amphibious.
You can wear up to eight rings at the same time.
Your skin changes colour to match your surroundings (Stealth+).
Your rubbery body absorbs attacks. (AC +1, EV +1)
((You are camouflaged when in or above water. (Stealth+)))
You have tentacles for arms and can constrict up to eight enemies at once.


Message History

You kill the goblin!
You closely miss the jackal. Your grab misses the jackal. The jackal bites you.
You are too injured to fight recklessly!
You are too injured to fight recklessly!
You are too injured to fight recklessly!
You are too injured to fight recklessly!
You are too injured to fight recklessly!
You are too injured to fight recklessly!
You are too injured to fight recklessly!
You are too injured to fight recklessly!
You are too injured to fight recklessly!
You are too injured to fight recklessly!
You are too injured to fight recklessly!
You are too injured to fight recklessly!
You are too injured to fight recklessly!
You are too injured to fight recklessly!
You are too injured to fight recklessly!
You are too injured to fight recklessly!
The jackal attacks as you move away! The jackal closely misses you.
The orc priest looks encouraged for a moment.
The orc closely misses you.
Things that are here:
a +0 club; an orc corpse You closely miss the orc.
You grab the orc. You squeeze the orc.
The orc is moderately wounded.
You constrict the orc. The jackal bites you. The orc hits you with a +0 club.
You hit the orc.
You kill the orc!
A jackal comes into view.
The jackal bites you. The jackal closely misses you.
The orc priest calls down the wrath of Beogh upon you.
Pain shoots through your body! The orc hits you with a +0 club.
* * * LOW HITPOINT WARNING * * *
Items here: )) ††.
The orc attacks as you move away! The orc hits you with a +0 club.
* * * LOW HITPOINT WARNING * * *
The orc priest attacks as you move away!
The orc priest hits you with a +0 short sword.
You die...

##..<## #######
##.....## #......
##.......###.##.##
#.........##.#(..#
+.........'.......
.
#.........##.#....
#..##
##.......###.##.##
#.....##).....##
#.##.#
#..._.ohh#...##
#.....
#._...o)###+##
####.## .........
.# ....⌠.._.# .#
.........#
.._......#
...._.....
..#.h..###


You could see an orc priest, an orc and 2 jackals.

Vanquished Creatures
  An adder (D:2)
  3 orcs (D:3)
  5 endoplasms
  3 giant cockroaches
  3 goblins
  2 hobgoblins (D:2)
  2 quokkas (D:1)
  7 ball pythons
  2 bats (D:1)
  2 frilled lizards (D:2)
  A kobold (D:2)
  3 rats (D:2)
34 creatures vanquished.

Notes
Turn   | Place    | Note
-------+----------+-------------------------------------------
     0 | D:1      | LeprechaunX the Octopode Shapeshifter began the quest for
                  | the Orb.
     0 | D:1      | Reached XP level 1. HP: 14/14 MP: 1/1
   219 | D:1      | Reached XP level 2. HP: 19/19 MP: 2/2
   248 | D:1      | Found Daneo's Book Emporium.
   579 | D:2      | Found Yngoagad's Assorted Antiques.
   712 | D:2      | Reached XP level 3. HP: 18/24 MP: 3/3
   967 | D:2      | Found a faded altar of an unknown god.
  1227 | D:3      | Found a bloodstained altar of Trog.
  1227 | D:3      | Found an iron altar of Okawaru.
  1229 | D:3      | Found an ancient bone altar of Kikubaaqudgha.
  1229 | D:3      | Found a shimmering altar of Xom.
  1229 | D:3      | Found a shimmering blue altar of Sif Muna.
  1238 | D:3      | Slain by an orc priest

Illustrated notes

Levels and vault maps discovered:
D:1:      minmay_arrival_glassed_features, layout_rooms, serial_shops, shop
D:2:      layout_loops_ring, chequers_ecumenical_altar_grove, serial_shops,
          nicolae_shop_overgrown_old_shop
D:3:      layout_loops_corners, elyvilon_altar_5, lemuel_coloured_pillars_altar,
          grunt_temple_overflow_open, nicolae_half_adder

Action                     || total
---------------------------++-------
  Melee: Unarmed           ||    16
         Constrict         ||    13
         Tentacles         ||    12
         Short sword       ||    39
         Punch             ||     2
   Stab: Sleeping          ||     8
 Armour: Skin              ||     2
  Dodge: Dodged            ||    28

Table legend: (Time is in decaauts)
 A = Elapsed time spent in this place.
 B = Non-inter-level travel time spent in this place.
 C = Inter-level travel time spent in this place.
 D = Time resting spent in this place.
 E = Time spent auto-exploring this place.
 F = Levels seen in this place.
 G = Mean time per level.
                   A        B        C        D        E       F      G
               +--------+--------+--------+--------+--------+-----+--------+
         Total |   1222 |   1123 |     99 |      0 |    947 |   3 |  407.3 |
       Dungeon |   1222 |   1123 |     99 |      0 |    947 |   3 |  407.3 |
               +--------+--------+--------+--------+--------+-----+--------+

Top non-repeatable levels by time:
     D:2: 725 daAuts
     D:1: 444 daAuts
     D:3: 53 daAuts
